 Dungeon Crawl Stone Soup version 0.30-a0-1160-g6e42c06551 (webtiles) character file.

Game seed: 15594246082984974655

16 lunkers the Gusty (level 2, -8/20 HPs)
             Began as a Meteoran Air Elementalist on Apr 26, 2023.
             Mangled by a gnoll
             ... wielding a +0 flail
              (12 damage)
             ... on level 2 of the Dungeon.
             The game lasted 00:00:50 (292 turns).

lunkers the Gusty (Meteoran Air Elementalist)        Turns: 292, Time: 00:00:50

Health: -8/20      AC:  3    Str:  9    XL:     2   Next: 94%
Magic:  2/7        EV:  6    Int: 16    God:
Gold:   60         SH:  0    Dex: 14    Spells: 4/7 levels left

rFire   . . .        (no weapon)
rCold   . . .        (no shield)
rNeg    . . .        a - +0 robe
rPois   .            h - +0 helmet
rElec   .            (no cloak)
rCorr   .            (no gloves)
SInv    .            (no boots)
Will    .....        (no amulet)
Stlth   +            (no ring)
HPRegen 0.23/turn    (no ring)
MPRegen 0.10/turn

%: no passive effects
@: held, glowing
A: sense surroundings 1, otherworldly, glowing, explore regen
a: no special abilities


You were on level 2 of the Dungeon.
You visited 1 branch of the dungeon, and saw 2 of its levels.

You collected 60 gold pieces.

Inventory:

Armour
 a - a +0 robe (worn)
 h - a +0 helmet (worn)
Scrolls
 c - a scroll of amnesia {unknown}
 e - a scroll of fog {unknown}
 i - a scroll of magic mapping {unknown}
Potions
 b - a potion of magic
 d - a potion of resistance {unknown}
 f - a potion of degeneration {unknown}
 g - a potion of ambrosia {unknown}


   Skills:
 - Level 2.4 Dodging
 - Level 1.4 Stealth
 + Level 3.0 Spellcasting
 + Level 1.8 Conjurations
 * Level 4.2 Air Magic


You had 4 spell levels left.
You knew the following spells:

 Your Spells              Type           Power      Damage    Failure   Level
a - Shock                 Conj/Air       48%        1d6       5%          1
b - Static Discharge      Conj/Air       24%        2-3/arc   9%          2

Your spell library contained the following spells:

 Spells                   Type           Power      Damage    Failure   Level
 Swiftness                Air            15%        N/A       10%         3
 Airstrike                Air            7%         2d(2-18)  32%         4


Dungeon Overview and Level Annotations

Branches:
Dungeon (2/15) Zot: 907

Altars:


Innate Abilities, Weirdness & Mutations

You passively map a small area around you.
You are easily found by Zot.
You glow in the dark.
You regain HP and MP as you explore.


Message History

The endoplasm quivers.
You hear a shout!
A gnoll comes into view. It is wielding a +0 flail.
A gnoll comes into view. It is wielding a +0 spear.
Casting: Shock (safe; 5% risk of failure)
Confirm with . or Enter, or press ? or * to list all spells.
The zap hits the gnoll.
The gnoll is moderately wounded.
The zap hits the gnoll.
The gnoll is moderately wounded.
Casting: Shock (safe; 5% risk of failure)
Confirm with . or Enter, or press ? or * to list all spells.
The zap hits the gnoll.
The gnoll is heavily wounded.
The zap hits the endoplasm.
The endoplasm is almost dead.
The zap misses the gnoll.
The gnoll throws a throwing net.
The throwing net hits you.
You become entangled in the net!
Casting: Shock (safe; 5% risk of failure)
Confirm with . or Enter, or press ? or * to list all spells.
The zap hits the gnoll.
The gnoll is severely wounded.
The zap misses the endoplasm.
The zap hits the gnoll.
The gnoll is moderately wounded.
Casting: Shock (safe; 5% risk of failure)
Confirm with . or Enter, or press ? or * to list all spells.
The zap misses the gnoll.
The zap hits the endoplasm.
You kill the endoplasm!
The zap hits the gnoll.
The gnoll is severely wounded.
The zap hits the gnoll.
The gnoll is severely wounded.
You struggle against the net.
The gnoll hits you with a +0 flail.
You struggle against the net.
The gnoll hits you with a +0 flail.
* * * LOW HITPOINT WARNING * * *
You struggle against the net.
The gnoll hits you with a +0 flail.
* * * LOW HITPOINT WARNING * * *
The gnoll hits you with a +0 flail!
Ouch! That really hurt!
You die...

#.# #.# * *
* * #.# *
#.# * #<#,
#.#, , # #.#
*
#####.####.#
*
.....gg@...#
,
....g.g#####
* , .###.#.*
* * # #. , ,
, ,,.. , ,
#.* , #.* *
* * , ,#. *
*


You could see 4 gnolls.

Vanquished Creatures
  3 endoplasms
  A giant cockroach (D:1)
  2 hobgoblins (D:1)
  A kobold (D:1)
  2 quokkas (D:1)
  A ball python (D:1)
  A bat (D:1)
  A frilled lizard (D:1)
  2 rats (D:1)
14 creatures vanquished.

Notes
Turn   | Place    | Note
-------+----------+-------------------------------------------
     0 | D:1      | lunkers the Meteoran Air Elementalist began the quest for
                  | the Orb.
     0 | D:1      | Reached XP level 1. HP: 14/14 MP: 5/5
    86 | D:1      | Reached XP level 2. HP: 20/20 MP: 4/6
    89 | D:1      | Learned a level 2 spell: Static Discharge
   122 | D:1      | Reached skill level 4 in Air Magic
   292 | D:2      | Mangled by a gnoll

Illustrated notes

Levels and vault maps discovered:
D:1:      mainiacjoe_arrival_reflecting_pool, layout_loops_ring,
          due_unseen_surprise
D:2:      layout_loops_ring, serial_shops, shop, hex_medium

Skill      XL: |  1  2 |
---------------+-------+-----
Air Magic      | 4 |  4.2
Spellcasting   | 3 |  3.0
Dodging        | |  2.4
Stealth        | |  1.4
Conjurations   | |  1.8

Action                     || total
---------------------------++-------
   Cast: Shock             ||    32
 Armour: Robe              ||     2
  Dodge: Dodged            ||     2

Table legend: (Time is in decaauts)
 A = Elapsed time spent in this place.
 B = Non-inter-level travel time spent in this place.
 C = Inter-level travel time spent in this place.
 D = Time resting spent in this place.
 E = Time spent auto-exploring this place.
 F = Levels seen in this place.
 G = Mean time per level.
                   A        B        C        D        E       F      G
               +--------+--------+--------+--------+--------+-----+--------+
         Total |    291 |    278 |     13 |      0 |    201 |   2 |  145.5 |
       Dungeon |    291 |    278 |     13 |      0 |    201 |   2 |  145.5 |
               +--------+--------+--------+--------+--------+-----+--------+

Top non-repeatable levels by time:
     D:1: 277 daAuts
     D:2: 14 daAuts
